 Dungeon Crawl Stone Soup version 0.31-a0-331-geda263fcf1 (webtiles) character file.

Game seed: 4047859859382350641

167 DrKenneth the Chopper (level 5, -5/46 HPs)
             Began as a Minotaur Gladiator on July 20, 2023.
             Slain by a black bear (8 damage)
             ... on level 4 of the Dungeon.
             The game lasted 00:06:22 (2364 turns).

DrKenneth the Chopper (Minotaur Gladiator)          Turns: 2364, Time: 00:06:23

Health: -5/46      AC:  3    Str: 20    XL:     5   Next: 23%
Magic:  4/4        EV: 13    Int:  5    God:
Gold:   45         SH:  0    Dex: 12    Spells: 4/4 levels left

rFire   . . .        a - +0 war axe
rCold   . . .        (no shield)
rNeg    . . .        b - +0 leather armour
rPois   .            c - +0 hat
rElec   .            (no cloak)
rCorr   .            (no gloves)
SInv    .            (no boots)
Will    .....        (no amulet)
Stlth   +            (no ring)
HPRegen 0.27/turn    (no ring)
MPRegen 0.09/turn

%: no passive effects
@: no status effects
A: horns 2, retaliatory headbutt
a: no special abilities


You were on level 4 of the Dungeon.
You visited 1 branch of the dungeon, and saw 4 of its levels.

You collected 45 gold pieces.

Inventory:

Hand Weapons
 a - a +0 war axe (weapon)
Missiles
 d - 3 throwing nets (quivered)
 e - a javelin
Armour
 b - a +0 leather armour (worn)
 c - a +0 hat (worn)
 n - a +0 pair of gloves
 o - a +0 pair of gloves
Jewellery
 l - a ring of protection from fire
Scrolls
 g - a scroll of noise {unknown}
 h - 2 scrolls of fear
 i - a scroll of torment {unknown}
 k - a scroll of identify {unknown}
 q - a scroll of fog {unknown}
Potions
 f - 2 potions of heal wounds {unknown}
 j - 6 potions of curing {unknown}
 m - a potion of lignification {unknown}
 p - a potion of haste {unknown}
 r - a potion of berserk rage {unknown}
 s - a potion of degeneration {unknown}


   Skills:
 + Level 3.9 Fighting
 + Level 4.7 Axes
 + Level 3.1 Throwing
 + Level 4.3 Dodging


You had 4 spell levels left.
You didn't know any spells.
Your spell library contained the following spells:

 Spells                   Type           Power      Damage    Failure   Level
 Magic Dart               Conj           0%         1d3       54%         1
 Sandblast                Erth           0%         2d4       54%         1
 Call Imp                 Summ           0%         N/A       67%         2
 Cigotuvi's Dreadful Rot  Necr/Pois/Air  0%         N/A       67%         2
 Passwall                 Tmut/Erth      0%         N/A       67%         2
 Ignite Poison            Fire/Tmut/Pois 0%         N/A       88%         3
 Mephitic Cloud           Conj/Pois/Air  0%         N/A       88%         3
 Stone Arrow              Conj/Erth      0%         3d7       88%         3
 Freezing Cloud           Conj/Ice/Air   0%         6-21      100%        5


Dungeon Overview and Level Annotations

Branches:
Dungeon (4/15)
 Temple: D:4-7

Altars:
Okawaru
Xom
Yredelemnul


Innate Abilities, Weirdness & Mutations

You have a pair of horns on your head.
You reflexively headbutt those who attack you in melee.


Message History

Found a lumpy cyan potion.
s - a lumpy cyan potion A black bear comes into view.
The black bear growls angrily.
Found a club.
The black bear bites you. The black bear misses you.
The black bear closely misses you. The black bear bites you.
The black bear claws you.
The black bear claws you but does no damage.
The black bear bites you but does no damage.
The black bear barely misses you. The black bear claws you.
The black bear bites you! The black bear closely misses you.
The black bear barely misses you.
The black bear bites you but does no damage.
The black bear misses you. The black bear closely misses you.
The black bear bites you but does no damage.
The black bear barely misses you. The black bear claws you.
The black bear bites you.
The black bear claws you but does no damage.
The black bear claws you. The black bear bites you.
The black bear closely misses you. The black bear claws you.
The black bear bites you. The black bear claws you.
* * * LOW HITPOINT WARNING * * *
The black bear barely misses you. The black bear bites you.
* * * LOW HITPOINT WARNING * * *
The black bear claws you.
* * * LOW HITPOINT WARNING * * *
The black bear claws you.
* * * LOW HITPOINT WARNING * * *
The black bear closely misses you. x2; The black bear misses you.
The black bear bites you.
* * * LOW HITPOINT WARNING * * *
The black bear barely misses you. The black bear closely misses you.
The black bear misses you. The black bear barely misses you.
The black bear claws you.
* * * LOW HITPOINT WARNING * * *
The black bear bites you!
You die...

#.........##.......#
##.......######..###
##.....## ##.#
##...## #.# ##+# #.#
#.# ####### #.#
#.#.....####.#
......h@.....#
.....##.###### ...
#.# # #.# #.# #.#
).# ###


You could see a black bear.

Vanquished Creatures
  A scorpion (D:4)
  An orc wizard (D:3)
  2 adders (D:2)
  A worm (D:3)
  3 dart slugs
  5 orcs
  2 ball pythons
  5 endoplasms
  5 giant cockroaches
  2 hobgoblins
  4 quokkas
  2 bats (D:2)
  4 frilled lizards
  3 goblins
  6 kobolds
  6 rats
52 creatures vanquished.

Notes
Turn   | Place    | Note
-------+----------+-------------------------------------------
     0 | D:1      | DrKenneth the Minotaur Gladiator began the quest for the
                  | Orb.
     0 | D:1      | Reached XP level 1. HP: 18/18 MP: 0/0
   171 | D:1      | Reached XP level 2. HP: 25/25 MP: 1/1
   909 | D:2      | Reached XP level 3. HP: 31/31 MP: 2/2
   960 | D:2      | Found a basalt altar of Yredelemnul.
  1552 | D:3      | Found a faded altar of an unknown god.
  1644 | D:3      | Reached XP level 4. HP: 24/38 MP: 3/3
  1784 | D:3      | Found a shimmering altar of Xom.
  1787 | D:3      | Found a shimmering altar of Xom.
  1789 | D:3      | Found a shimmering altar of Xom.
  1789 | D:3      | Found a shimmering altar of Xom.
  2027 | D:3      | Found an iron altar of Okawaru.
  2278 | D:4      | Noticed a scorpion
  2284 | D:4      | Killed a scorpion
  2285 | D:4      | Reached XP level 5. HP: 38/46 MP: 4/4
  2347 | D:4      | Noticed a black bear
  2364 | D:4      | Slain by a black bear

Illustrated notes

Levels and vault maps discovered:
D:1:      co_arrival_random_square_maze, layout_loops_cross
D:2:      layout_loops_ring, basic_altar
D:3:      layout_loops_ring, mainiacjoe_overflow_six_doors_small,
          xom_redecorated, shapermc_ecumenical_altar_venn
D:4:      layout_loops_corners, minitemple, uniq_pikel

Skill      XL: |  1  2  3  4 |
---------------+-------------+-----
Fighting       | 3 |  3.9
Axes           | 4 |  4.7
Dodging        | 4 |  4.3
Throwing       | 3 |  3.1

Action                     |  1- 3 |  4- 6 || total
---------------------------+-------+-------++-------
  Melee: War axe           |    85 |    24 ||   109
         Headbutt          |    12 |     6 ||    18
    Use: Scroll            |     1 |       ||     1
 Armour: Leather armour    |    13 |     6 ||    19
  Dodge: Dodged            |    64 |    31 ||    95

Table legend: (Time is in decaauts)
 A = Elapsed time spent in this place.
 B = Non-inter-level travel time spent in this place.
 C = Inter-level travel time spent in this place.
 D = Time resting spent in this place.
 E = Time spent auto-exploring this place.
 F = Levels seen in this place.
 G = Mean time per level.
                   A        B        C        D        E       F      G
               +--------+--------+--------+--------+--------+-----+--------+
         Total |   2395 |   2310 |     85 |      0 |   1882 |   4 |  598.8 |
       Dungeon |   2395 |   2310 |     85 |      0 |   1882 |   4 |  598.8 |
               +--------+--------+--------+--------+--------+-----+--------+

Top non-repeatable levels by time:
     D:1: 787 daAuts
     D:2: 732 daAuts
     D:3: 683 daAuts
     D:4: 192 daAuts
